 Dungeon Crawl Stone Soup version 0.30-a0-802-gb92711bcdf (webtiles) character file.

Game seed: 1927621862933751257

136 jasper the Shooter (level 4, -2/34 HPs)
             Began as a Demonspawn Hexslinger on Feb 24, 2023.
             Was an Initiate of Dithmenos.
             Slain by an iguana (9 damage)
             ... on level 4 of the Dungeon.
             The game lasted 00:04:30 (2435 turns).

jasper the Shooter (Demonspawn Hexslinger)          Turns: 2435, Time: 00:04:31

Health: -2/34      AC:  6    Str: 11    XL:     4   Next: 98%
Magic:  5/5        EV: 10    Int: 16    God:    Dithmenos [......]
Gold:   27         SH:  0    Dex: 13    Spells: 3/5 levels left

rFire   + . .      SeeInvis .    a - +2 sling (freeze)
rCold   . . .      Faith    .    (no shield)
rNeg    + . .      Spirit   .    g - +0 ring mail
rPois   .          Reflect  .    o - +0 helmet
rElec   .          Harm     .    (no cloak)
rCorr   .          Rampage  .    (no gloves)
Will    .....                    (no boots)
Stlth   +                        j - amulet of the acrobat
HPRegen 0.25/turn                e - ring of positive energy
MPRegen 0.09/turn                q - ring of protection from fire

@: no status effects
A: demonic magic 2
a: Renounce Religion


You were on level 4 of the Dungeon.
You worshipped Dithmenos.
Dithmenos was noncommittal.
You visited 1 branch of the dungeon, and saw 4 of its levels.

You collected 150 gold pieces.
You spent 123 gold pieces at shops.

Inventory:

Hand Weapons
 a - a +2 sling of freezing (weapon)
 m - a +0 whip of venom
Armour
 c - a +0 robe
 g - a +0 ring mail (worn)
 o - a +0 helmet (worn)
 r - a +0 ring mail
Magical Staves
 s - a staff of earth
Jewellery
 e - a ring of positive energy (left hand)
 j - an amulet of the acrobat (around neck)
 l - an amulet of magic regeneration
 q - a ring of protection from fire (right hand)
Wands
 p - a wand of quicksilver (6)
 w - a wand of polymorph (2)
Scrolls
 b - 2 scrolls of poison
 t - a scroll of teleportation
 v - a scroll of magic mapping {unknown}
 x - a scroll of vulnerability {unknown}
 y - 2 scrolls of identify {unknown}
Potions
 d - 3 potions of heal wounds
 f - a potion of resistance {unknown}
 h - a potion of invisibility {unknown}
 i - 3 potions of curing {unknown}
 k - a potion of cancellation {unknown}
 n - a potion of lignification {unknown}
 u - a potion of might {unknown}


   Skills:
 + Level 2.6 Fighting
 * Level 3.8 Ranged Weapons
 + Level 0.3 Armour
 - Level 1.7 Dodging
 + Level 0.4 Stealth
 - Level 1.0 Spellcasting
 - Level 3.0 Hexes
 + Level 0.7 Invocations


You had 3 spell levels left.
You knew the following spells:

 Your Spells              Type           Power      Damage    Failure   Level
a - Slow                  Hex            40%        N/A       16%         1
b - Apportation           Tloc           0%         N/A       50%         1

Your spell library contained the following spells:

 Spells                   Type           Power      Damage    Failure   Level
 Confusing Touch          Hex            10%        N/A       43%         3
 Freeze                   Ice            0%         1d3       50%         1
 Lesser Beckoning         Tloc           0%         N/A       63%         2
 Dazzling Flash           Conj/Hex       10%        N/A       65%         3
 Inner Flame              Hex/Fire       5%         N/A       65%         3
 Portal Projectile        Hex/Tloc       10%        N/A       65%         3
 Frozen Ramparts          Ice            0%         1d1       86%         3
 Gell's Gravitas          Tloc           0%         N/A       86%         3
 Hailstorm                Conj/Ice       0%         3d3       86%         3
 Teleport Other           Tloc           0%         N/A       86%         3
 Vampiric Draining        Necr           0%         2d6       86%         3
 Cause Fear               Hex            5%         N/A       85%         4
 Iskenderun's Mystic Bla  Conj/Tloc      0%         2d3       99%         4
 Alistair's Intoxication  Tmut/Pois      0%         N/A       100%        5
 Starburst                Conj/Fire      0%         6d3       100%        6


Dungeon Overview and Level Annotations

Branches:
Dungeon (4/15)
 Temple: D:4-7

Altars:
Dithmenos

Shops:
D:3 ?


Innate Abilities, Weirdness & Mutations

Spells you cast may paralyse nearby enemies.


Message History

You kill the endoplasm!
Dithmenos accepts your kill.
Fire: a) +2 sling (freeze)
Press: ? - help, Q - select action, (/) - cycle Shift-Dir - straight line, f - iguana
Aim: an iguana (63% to hit)
You shoot a sling bullet.
The sling bullet hits the iguana but does no damage.
The iguana bites you.
The iguana bites you but does no damage.
You take 3 damage, and have 23/34 hp.
Fire: a) +2 sling (freeze)
Press: ? - help, Q - select action, (/) - cycle Shift-Dir - straight line, f/p - iguana
Aim: an iguana (63% to hit)
You shoot a sling bullet.
The sling bullet closely misses the iguana.
The iguana bites you but does no damage.
Fire: a) +2 sling (freeze)
Press: ? - help, Q - select action, (/) - cycle Shift-Dir - straight line, f/p - iguana
Aim: an iguana (63% to hit)
You shoot a sling bullet.
The sling bullet hits the iguana but does no damage.
The iguana bites you!
You take 8 damage, and have 15/34 hp.
MASSIVE DAMAGE!!
Fire: a) +2 sling (freeze)
Press: ? - help, Q - select action, (/) - cycle Shift-Dir - straight line, f/p - iguana
Aim: an iguana (63% to hit)
You shoot a sling bullet.
The sling bullet hits the iguana but does no damage.
The iguana bites you.
* * * LOW HITPOINT WARNING * * *
The iguana bites you.
* * * LOW HITPOINT WARNING * * *
You take 9 damage, and have 6/34 hp.
MASSIVE DAMAGE!!
Fire: a) +2 sling (freeze)
Press: ? - help, Q - select action, (/) - cycle Shift-Dir - straight line, f/p - iguana
Aim: an iguana (63% to hit)
You shoot a sling bullet.
The sling bullet closely misses the iguana.
The iguana bites you!
You die...

#.#...#### #.#.....<#
#.#....### #.##.#...
##############......#
..............>...#.#
###########.####.##
##.# ... #.@# #...#
........l).# #.##
.####.###....### #.
..### .. ..# #. #...
#. #.## ..


You could see an iguana.

Vanquished Creatures
  A hound (D:4)
  3 gnolls
  2 adders
  2 worms (D:2)
  2 orcs
  5 ball pythons
  5 endoplasms
  4 giant cockroaches
  4 jackals (D:2)
  3 quokkas
  5 bats
  3 frilled lizards
  8 goblins
  2 kobolds
  A rat (D:2)
50 creatures vanquished.

Notes
Turn   | Place    | Note
-------+----------+-------------------------------------------
     0 | D:1      | jasper the Demonspawn Hexslinger began the quest for the
                  | Orb.
     0 | D:1      | Reached XP level 1. HP: 15/15 MP: 2/2
   151 | D:1      | Gained mutation: Spells you cast may paralyse adjacent
                  | enemies. [demonic ancestry]
   151 | D:1      | Reached XP level 2. HP: 21/21 MP: 3/3
   189 | D:1      | Learned a level 1 spell: Apportation
   781 | D:1      | Gained mutation: Spells you cast may paralyse nearby
                  | enemies. [demonic ancestry]
   781 | D:1      | Reached XP level 3. HP: 9/27 MP: 4/4
  1370 | D:2      | Reached XP level 4. HP: 33/33 MP: 5/5
  1778 | D:3      | Found Foodday's Magic Scroll Emporium.
  1847 | D:3      | Found a shadowy altar of Dithmenos.
  1860 | D:3      | Became a worshipper of Dithmenos the Shadowed
  2114 | D:3      | Bought a scroll of brand weapon for 123 gold pieces
  2435 | D:4      | Slain by an iguana

Illustrated notes

Levels and vault maps discovered:
D:1:      lightli_arrival_windingriver, layout_rooms, serial_aquarium,
          aquarium_bridge_square [aquarium_subvault_window,
          aquarium_subvault_window, aquarium_subvault_balcony,
          aquarium_subvault_bridge], aquarium_bridge_island_large
          [aquarium_subvault_large_1_pool, aquarium_subvault_window,
          aquarium_subvault_balcony, aquarium_subvault_bridge,
          aquarium_subvault_bridge], aquarium_window_corridor_1,
          aquarium_window_2, aquarium_window_corner, aquarium_window_1,
          aquarium_view_2d, aquarium_balcony_3b
D:2:      layout_loops_ring
D:3:      layout_basic, old_standard_altar, serial_shops, shop
D:4:      layout_basic, lemuel_tele_altar, mainiacjoe_overflow_24_doors,
          nemelex_dance_club_becter, chequers_temple_overflow_minitemple,
          chequers_serial_rivers_room_b, minmay_between

Skill      XL: |  1  2  3 |
---------------+----------+-----
Ranged Weapons | 2 3 |  3.8
Fighting       | 2 |  2.6
Armour         | |  0.3
Dodging        | |  1.7
Stealth        | |  0.4
Spellcasting   | |  1.0
Hexes          | |  3.0
Invocations    | |  0.7

Action                     |  1- 3 |  4- 6 || total
---------------------------+-------+-------++-------
  Melee: Whip              |       |     2 ||     2
   Fire: Sling             |   134 |    62 ||   196
   Cast: Slow              |     1 |       ||     1
    Use: Scroll            |     1 |     2 ||     3
         Potion            |     1 |       ||     1
 Armour: Robe              |     8 |       ||     8
         Ring mail         |    17 |    17 ||    34
  Dodge: Dodged            |    52 |    20 ||    72

Table legend: (Time is in decaauts)
 A = Elapsed time spent in this place.
 B = Non-inter-level travel time spent in this place.
 C = Inter-level travel time spent in this place.
 D = Time resting spent in this place.
 E = Time spent auto-exploring this place.
 F = Levels seen in this place.
 G = Mean time per level.
                   A        B        C        D        E       F      G
               +--------+--------+--------+--------+--------+-----+--------+
         Total |   2507 |   2368 |    139 |     73 |   1858 |   4 |  626.8 |
       Dungeon |   2507 |   2368 |    139 |     73 |   1858 |   4 |  626.8 |
               +--------+--------+--------+--------+--------+-----+--------+

Top non-repeatable levels by time:
     D:1: 907 daAuts
     D:2: 855 daAuts
     D:3: 664 daAuts
     D:4: 79 daAuts
